 Dungeon Crawl Stone Soup version 0.20.1-1-g8b1a95d (webtiles) character file.

2910 Ymberti the Cleaver (level 9, -2/117 HPs)
             Began as a Hill Orc Fighter on Oct 7, 2017.
             Was an Elder of Beogh.
             Succumbed to a killer bee's poison
             ... on level 8 of the Dungeon.
             The game lasted 00:16:09 (5384 turns).

Ymberti the Cleaver (Hill Orc Fighter)              Turns: 5384, Time: 00:16:10

Health: -2/117     AC: 14    Str: 24    XL:     9   Next: 78%
Magic:  18/18      EV:  7    Int:  8    God:    Beogh [****..]
Gold:   116        SH: 11    Dex: 13    Spells: 8/8 levels left

rFire    + . .     SeeInvis .   E - +3 falchion (freeze)
rCold    . . .     Gourm    .   c - +0 shield
rNeg     + . .     Faith    +   B - +1 chain mail of the Cockatrice {rCorr MP+9}
rPois    .         Spirit   .   n - +0 helmet
rElec    .         Reflect  .   (no cloak)
rCorr    +         Harm     .   (no gloves)
MR       .....                  r - +0 pair of boots
Stlth    ..........             D - amulet of faith
Regen    0.3/turn               l - ring of protection from fire
MPRegen  0.2/turn               b - ring of positive energy

@: berserking, lethally poisoned (-2 -> -41), very quick
A: no striking features
a: Smiting, Recall Orcish Followers, Renounce Religion


You were on level 8 of the Dungeon.
You worshipped Beogh.
Beogh was greatly pleased with you.
You were full.

You visited 1 branch of the dungeon, and saw 8 of its levels.
You also visited: Sewer.

You collected 372 gold pieces.
You spent 256 gold pieces at shops.

Inventory:

Hand Weapons
 j - a +3 hand axe of draining
 E - a +3 falchion of freezing (weapon)
Armour
 c - a +0 shield (worn)
 n - a +0 helmet (worn)
 r - a +0 pair of boots (worn)
 t - a +0 chain mail
 B - the +1 chain mail of the Cockatrice (worn) {rCorr MP+9}
   (You bought it in a shop on level 6 of the Dungeon)

   It affects your magic capacity (+9).
   It protects you from acid and corrosion.
Jewellery
 b - a ring of positive energy (right hand)
 l - a ring of protection from fire (left hand)
 m - an uncursed ring of protection from fire
 D - an amulet of faith (around neck)
 G - an uncursed ring of positive energy
Wands
 I - a wand of lightning (5/15)
 J - a wand of enslavement (17/24)
Scrolls
 a - a scroll of fog
 e - 3 scrolls of magic mapping
 h - 2 scrolls of remove curse
 k - a scroll of enchant weapon
 p - 4 scrolls of identify {unknown}
 q - a scroll of recharging
 s - a scroll of teleportation {unknown}
 v - a scroll of fear {unknown}
 y - a scroll of enchant armour {unknown}
 A - 3 scrolls of amnesia
Potions
 d - a potion of might
 g - a potion of invisibility {unknown}
 i - 2 potions of haste
 o - 2 potions of agility {unknown}
 u - 3 potions of heal wounds
 w - a potion of brilliance {unknown}
 x - a potion of cancellation {unknown}
 z - 2 potions of berserk rage
 F - a potion of degeneration {unknown}
 L - 2 potions of flight {unknown}
Books
 C - a book of Misfortune

   Spells                             Type                      Level
   a - Confusing Touch                Hexes                        1
   b - Confuse                        Hexes                        3
   c - Gell's Gravitas                Translocation                3
   d - Petrify                        Transmutation/Earth          4
   e - Metabolic Englaciation         Hexes/Ice                    5
   f - Yara's Violent Unravelling     Hexes/Transmutation          5
Comestibles
 f - 2 bread rations
 K - a meat ration


   Skills:
 + Level 6.8 Fighting
 + Level 3.9 Long Blades
 + Level 10.0 Axes
 + Level 7.3 Armour
 + Level 1.5 Dodging
 + Level 0.5 Stealth
 + Level 7.6 Shields


You had 8 spell levels left.
You didn't know any spells.

Dungeon Overview and Level Annotations

Branches:
Dungeon (8/15)             Temple (0/1) D:6
   Lair: D:8-11

Altars:
Fedhas
Nemelex Xobeh
Okawaru
Qazlal
Ru
Sif Muna
Trog
Uskayaw
Xom
The Shining One

Shops:
D:4 %   D:6 [   D:7 *


Message History

* * * LOW HITPOINT WARNING * * *
You feel sick. You block the killer bee's attack. The killer bee stings you.
* * * LOW HITPOINT WARNING * * *
You are more poisoned.
The killer bee poisons you!
Your orc wizard completely misses something.
An orc comes into view. It is wielding a trident.
You slash the killer bee! You freeze the killer bee.
You kill the killer bee!
Beogh accepts your kill.
* * * LOW HITPOINT WARNING * * *
You feel sick. The orc falls on its knees before you.
It says, "I'm so glad you are here now."
The killer bee stings you.
* * * LOW HITPOINT WARNING * * *
Your orc closely misses the killer bee.
You miss the killer bee.
The killer bee is almost dead.
You die...

#.....# .........
#.....# ####.###.# #
#.....# #oo.o....# #
#...o.# #.##.##..# #
#.....#####†##.##..# #
#..(y....o...#.oo..# #
###).#.####..#.##o## #
######y#o####..#...o.# #
#.o..o†@o...#.......o###
#.####†#o##.##.#####.ooo
#.#.# ##.# ##### #.#..
..# #.#### #### .. .# >


You could see 2 killer bees, a friendly orc priest, 2 friendly orc wizards and 3
friendly orcs.

Vanquished Creatures
  4 yaks (D:6)
  2 orc warriors (D:7)
  A sky beast (D:6)
  2 phantoms
  An ice beast (D:7)
  A centaur (D:7)
  Blork the orc (D:5)
  2 big kobolds (Sewer)
  3 bullfrogs
  A water moccasin skeleton (D:5)
  2 scorpions
  4 killer bees (D:8)
  5 wights (D:7)
  A crimson imp (D:7)
  3 jellies
  4 orc wizards
  A bullfrog skeleton (D:7)
  An orc priest (D:4)
  2 hounds
  A centaur skeleton (D:5)
  An iguana (D:7)
  Terence (D:2)
  4 worker ants
  A worker ant zombie (D:5)
  9 adders
  A river rat (Sewer)
  A shadow imp (D:7)
  2 oozes (D:5)
  2 adder zombies (D:6)
  An adder skeleton (D:6)
  10 worms
  2 dart slugs
  5 leopard geckos
  12 orcs
  4 ball pythons
  5 bats
  7 giant cockroaches
  10 goblins
  10 hobgoblins
  4 jackals
  15 kobolds
  3 quokkas
  8 frilled lizards
  A jackal skeleton (D:6)
  16 rats
177 creatures vanquished.

Vanquished Creatures (collateral kills)
  A crimson imp (D:7)
  A shadow imp (D:7)
2 creatures vanquished.

Vanquished Creatures (others)
  A dart slug (D:3)
  An orc (D:8)
  A hobgoblin (D:3)
  A bat (D:3)
  A kobold (D:3)
5 creatures vanquished.

Grand Total: 184 creatures vanquished

Notes
Turn   | Place    | Note
-------+----------+-------------------------------------------
     0 | D:1      | Ymberti the Hill Orc Fighter began the quest for the Orb.
     0 | D:1      | Reached XP level 1. HP: 19/19 MP: 1/1
   201 | D:1      | Reached XP level 2. HP: 22/27 MP: 2/2
   905 | D:2      | Reached XP level 3. HP: 31/33 MP: 3/3
  1118 | D:2      | Found an iron altar of Okawaru.
  1224 | D:2      | Noticed Terence
  1232 | D:2      | Reached skill level 1 in Axes
  1246 | D:2      | Killed Terence
  1246 | D:2      | Reached XP level 4. HP: 30/40 MP: 4/4
  1307 | D:2      | Reached skill level 2 in Axes
  1515 | D:3      | Became a worshipper of Beogh the Brigand
  1556 | D:3      | Found a glowing golden altar of the Shining One.
  1584 | D:3      | Found a deep blue altar of Sif Muna.
  1585 | D:3      | Found a blossoming altar of Fedhas.
  1585 | D:3      | Found a shimmering altar of Xom.
  1722 | D:3      | Reached XP level 5. HP: 43/46 MP: 5/5
  1817 | D:3      | Reached * piety under Beogh
  1817 | D:3      | Reached skill level 3 in Axes
  2206 | D:4      | Reached XP level 6. HP: 48/53 MP: 6/6
  2219 | D:4      | Reached skill level 4 in Axes
  2235 | D:4      | Found Apuen's Food Shoppe.
  2260 | D:4      | Found a hide-covered altar of Uskayaw.
  2290 | D:4      | Found a glowing drain.
  2307 | Sewer    | Entered a sewer
  2443 | Sewer    | Reached ** piety under Beogh
  2494 | Sewer    | Reached skill level 5 in Axes
  2494 | Sewer    | Reached skill level 5 in Armour
  2494 | Sewer    | Reached skill level 1 in Dodging
  2494 | Sewer    | Reached XP level 7. HP: 58/60 MP: 7/7
  2658 | D:4      | Reached skill level 5 in Fighting
  2806 | D:5      | Entered Level 5 of the Dungeon
  2843 | D:5      | Noticed Blork the orc
  2857 | D:5      | Killed Blork the orc
  2857 | D:5      | Reached skill level 6 in Axes
  2857 | D:5      | Reached skill level 5 in Shields
  3070 | D:5      | Reached XP level 8. HP: 57/68 MP: 8/8
  3445 | D:5      | Found a sacrificial altar of Ru.
  3595 | D:5      | Reached skill level 7 in Axes
  3743 | D:6      | Found Razyqe's Antique Armour Boutique.
  3764 | D:6      | Bought a slimy chain mail for 256 gold pieces
  3774 | D:6      | Identified the cursed +1 chain mail of the Cockatrice {rCorr MP+9} (You bought it in a shop on level 6 of the Dungeon)
  3819 | D:6      | Reached skill level 8 in Axes
  3861 | D:6      | Found a staircase to the Ecumenical Temple.
  3872 | D:6      | Reached *** piety under Beogh
  3892 | D:6      | Noticed a yak
  3892 | D:6      | Noticed a yak
  3893 | D:6      | Noticed a yak
  3894 | D:6      | Noticed a yak
  3904 | D:6      | Killed a yak
  3906 | D:6      | Killed a yak
  3915 | D:6      | Killed a yak
  3915 | D:6      | Reached skill level 9 in Axes
  3915 | D:6      | Reached XP level 9. HP: 49/75 MP: 9/9
  4287 | D:7      | Reached skill level 10 in Axes
  4953 | D:7      | Found a bloodstained altar of Trog.
  5028 | D:7      | Found a sparkling altar of Nemelex Xobeh.
  5059 | D:7      | Found a stormy altar of Qazlal.
  5125 | D:7      | Found Urphacall's Assorted Antiques.
  5324 | D:8      | Found a bloodstained altar of Trog.
  5370 | D:8      | Reached **** piety under Beogh
  5383 | D:8      | HP: 1/117 [killer bee (6)]
  5384 | D:8      | Succumbed to a killer bee's poison

Skill      XL: |  1  2  3  4  5  6  7  8  9 |
---------------+----------------------------+-----
Fighting       | 4 5 6 |  6.8
Axes           | 1 2 3 5 6 9 10 | 10.0
Armour         | 4 5 6 7 |  7.3
Shields        | 4 5 6 7 |  7.6
Dodging        | 1 |  1.5
Long Blades    | 3 |  3.9
Stealth        | |  0.5

Action                   |  1- 3 |  4- 6 |  7- 9 || total
-------------------------+-------+-------+-------++-------
Melee: Long sword        |    38 |       |       ||    38
       Hand axe          |    67 |   208 |   267 ||   542
       Falchion          |       |       |   123 ||   123
Invok: Convert to Beogh  |       |     1 |       ||     1
  Use: Scroll            |       |       |     8 ||     8
       Potion            |       |       |     5 ||     5
  Eat: Bread ration      |     1 |     1 |     2 ||     4
       Royal jelly       |       |     1 |     1 ||     2
Armor: Scale mail        |    39 |    10 |       ||    49
       Chain mail        |       |    69 |   196 ||   265
Dodge: Dodged            |    24 |    36 |    61 ||   121
Block: Shield            |    53 |    81 |   187 ||   321
       Rpst.: Long sword |     4 |       |       ||     4
       Falchion          |       |       |    13 ||    13
